 Dungeon Crawl Stone Soup version 0.19-a0-1821-g42c593c (webtiles) character file.

112 PurpleRed the Conjurer (level 4, -6/24 HPs)
             Began as a Tengu Conjurer on Oct 6, 2016.
             Killed by nerve-wracking pain
             ... invoked by an orc priest
              (11 damage)
             ... on level 3 of the Dungeon.
             The game lasted 00:06:23 (621 turns).

PurpleRed the Conjurer (Tengu Conjurer)              Turns: 621, Time: 00:06:23

Health: -6/24      AC:  2    Str:  8    XL:     4   Next: 95%
Magic:  1/10       EV: 12    Int: 17    God:
Gold:   51         SH:  0    Dex: 14    Spells: 3 memorised, 2 levels left

rFire  . . .     SeeInvis .     c - bread ration
rCold  . . .     Gourm    .     a - +0 robe
rNeg   . . .     Faith    .     (no shield)
rPois  .         Spirit   .     (helmet restricted)
rElec  .         Dismiss  +     (no cloak)
rCorr  .         Reflect  .     (no gloves)
MR     .....     Harm     .     (boots unavailable)
Stlth  ++........               l - amulet of dismissal
                                (no ring)
                                (no ring)

@: no status effects
A: beak, talons 3
a: no special abilities


You were on level 3 of the Dungeon.
You were not hungry.

You visited 1 branch of the dungeon, and saw 3 of its levels.

You collected 51 gold pieces.

Inventory:

Hand Weapons
 g - a +0 short sword
 h - a +4 dagger
Armour
 a - a +0 robe (worn)
Jewellery
 l - an amulet of dismissal (around neck)
Wands
 f - a wand of slowing (20/48)
Scrolls
 d - 2 scrolls of remove curse {unknown}
 e - 2 scrolls of magic mapping {unknown}
 i - a scroll of identify {unknown}
Potions
 k - a potion of flight {unknown}
 m - a potion of heal wounds {unknown}
Books
 b - a book of Conjurations

   Spells                             Type                      Level
   a - Magic Dart                     Conjuration                  1
   b - Searing Ray                    Conjuration                  2
   c - Dazzling Spray                 Conjuration/Hexes            3
   d - Fulminant Prism                Conjuration/Hexes            4
   e - Iskenderun's Mystic Blast      Conjuration                  4
   f - Iskenderun's Battlesphere      Conjuration/Charms           5
Comestibles
 c - a bread ration (in hand)


   Skills:
 - Level 2.1 Dodging
 - Level 2.0 Stealth
 + Level 3.4 Spellcasting
 + Level 6.8 Conjurations


You had 2 spell levels left.
You knew the following spells:

 Your Spells              Type           Power        Failure   Level  Hunger
a - Magic Dart            Conj           ####         1%          1    None
b - Searing Ray           Conj           ####..       1%          2    ##.....
c - Iskenderun's Mystic   Conj           ####....     12%         4    ####...


Dungeon Overview and Level Annotations

Branches:
Dungeon (3/15)

Altars:
The Shining One


Innate Abilities, Weirdness & Mutations

You have a beak for a mouth.
You have claws for feet.


Message History

You swing at nothing.
You swing at nothing.
You swing at nothing.
The orc priest shouts!
Casting: Magic Dart
Confirm with . or Enter, or press ? or * to list all spells.
Aiming: Searing Ray
Press: ? - help, Shift-Dir - straight line, f - orc priest
Aim: an orc priest, wielding a short sword The searing ray hits the orc priest.
The orc priest is moderately wounded.
The searing ray hits the orc priest.
The orc priest is heavily wounded.
The orc priest invokes the aid of Beogh against you.
Pain shoots through your body!
* * * LOW HITPOINT WARNING * * *
The searing ray misses the orc priest.
The orc priest mumbles some strange prayers to Beogh against you.
Pain shoots through your body!
You die...

###.o.....#
########.##
........)#
#.######..# #.
#..# ####.####
#..#
........###..##
#....o.....##
####@##.....#
##.###...###.#
#..[o.....†..#
##.####.######
### #.# ##'##
##...##
##.....##
##.......##


You could see an orc priest.

Vanquished Creatures
  2 orc priests (D:3)
  An adder (D:2)
  An ooze (D:2)
  A worm (D:3)
  3 dart slugs
  A leopard gecko (D:2)
  3 orcs (D:3)
  A ball python (D:2)
  2 bats
  A giant cockroach (D:2)
  A goblin (D:2)
  2 hobgoblins
  4 kobolds
  2 quokkas
  3 frilled lizards
  2 rats (D:2)
30 creatures vanquished.

Notes
Turn   | Place    | Note
-------+----------+-------------------------------------------
     0 | D:1      | PurpleRed the Tengu Conjurer began the quest for the Orb.
     0 | D:1      | Reached XP level 1. HP: 10/10 MP: 4/4
    10 | D:2      | Reached XP level 2. HP: 13/15 MP: 1/6
    30 | D:2      | Learned a level 2 spell: Searing Ray
   228 | D:2      | Reached XP level 3. HP: 8/19 MP: 1/7
   262 | D:2      | Reached skill level 6 in Conjurations
   405 | D:2      | Found a glowing golden altar of the Shining One.
   561 | D:3      | Reached XP level 4. HP: 15/24 MP: 5/9
   581 | D:3      | Learned a level 4 spell: Iskenderun's Mystic Blast
   621 | D:3      | Killed from afar by an orc priest

Vault maps used:
D:1:      scummos_arrival_simple_crosswalls
D:2:      nicolae_tso_carved_into_rock, kennysheep_generic_room_11,
          uniq_sigmund, uniq_natasha
D:3:      grunt_temple_overflow_diamond, okawaru_metal_pillars_1_2

Skill      XL: |  1  2  3 |
---------------+----------+-----
Conjurations   | 6 |  6.8
Spellcasting   | 3 |  3.4
Dodging        | |  2.1
Stealth        | |  2.0

Action                   |  1- 3 |  4- 6 || total
-------------------------+-------+-------++-------
Melee: Short sword       |    17 |       ||    17
       Kick              |     5 |       ||     5
       Peck              |     1 |       ||     1
 Cast: Magic Dart        |    47 |     6 ||    53
       Searing Ray       |     2 |     1 ||     3
  Use: Potion            |     1 |       ||     1
 Stab: Sleeping          |     1 |       ||     1
Armor: Robe              |     5 |     1 ||     6
Dodge: Dodged            |    17 |     3 ||    20
